[Event "Team 45 45 League T61"]
[Site "Internet Chess Club"]
[Date "2014.06.14"]
[Round "2"]
[White "Littlemon"]
[Black "Beefstick"]
[Result "1-0"]
[WhiteElo "1518"]
[BlackElo "1628"]
[Opening "Budapest: Fajarowicz variation"]
[ECO "A51"]
[Time "17:04:08"]
[TimeControl "2700+45"]

1. d4 Nf6 2. c4 e5 3. dxe5 Ne4 4. Nf3 d6 5. exd6 Bxd6 6. e3 Nc6 7. Bd3 Nc5 8.
Be2 Bf5 9. Nc3 Qf6 10. O-O O-O-O 11. Nd5 Qe6 12. b4 Nxb4 13. Nd4 Qh6 14. h3 Nxd5
15. Nxf5 Qf6 16. Nxd6+ Rxd6 17. cxd5 Qxa1 18. Qd2 Qe5 19. Bf3 f6 20. Bb2 Qg5 21.
Ba3 b6 22. Rc1 Qg6 23. Bxc5 bxc5 24. Rxc5 Rb6 25. d6 Rd8 26. Rxc7+ Kb8 27. Qa5
Qb1+ 28. Kh2 a6 29. Rb7+ Rxb7 30. Qxd8+ Ka7 31. Bxb7 Qxb7 32. Qe7 Kb6 33. d7
{Black resigns} 1-0

[Event "Team 45 45 League T61"]
[Site "Internet Chess Club"]
[Date "2014.06.07"]
[Round "2"]
[White "spongenotbob"]
[Black "Iletrado"]
[Result "0-1"]
[WhiteElo "1950"]
[BlackElo "1849"]
[Opening "QGD: exchange, positional line"]
[ECO "D35"]
[Time "17:04:06"]
[TimeControl "2700+45"]

1. d4 d5 2. c4 e6 3. Nc3 Nf6 4. cxd5 exd5 5. Bg5 Nbd7 6. e3 Be7 7. Nf3 c6 8. Bd3
O-O 9. O-O Re8 10. Qc2 Nf8 11. Ne5 N6d7 12. Bxe7 Qxe7 13. Nxd7 Bxd7 14. a3 Qd6
15. b4 Re6 16. Ne2 Rh6 17. Ng3 Qf6 18. Bf5 Qh4 19. h3 Ne6 20. Bxe6 fxe6 21. Rfd1
Rf8 22. e4 Rf4 23. Re1 e5 24. Nf5 Bxf5 25. exf5 e4 26. Re2 Rxf5 27. b5 Rg6 28.
Kh2 Qg5 29. Rg1 Rf3 30. bxc6 Rxh3+ {White resigns} 0-1

[Event "Team 45 45 League T61"]
[Site "Internet Chess Club"]
[Date "2014.06.07"]
[Round "2"]
[White "QuieroAprender"]
[Black "Chess-Boy"]
[Result "1/2-1/2"]
[WhiteElo "1690"]
[BlackElo "1661"]
[Opening "Ruy Lopez: exchange, Keres variation"]
[ECO "C68"]
[Time "21:02:06"]
[TimeControl "2700+45"]

1. e4 e5 2. Nf3 Nc6 3. Bb5 a6 4. Bxc6 dxc6 5. Nc3 f6 6. h3 Bc5 7. d3 Ne7 8. Be3
Bxe3 9. fxe3 c5 10. d4 cxd4 11. exd4 exd4 12. Qxd4 Be6 13. O-O-O O-O 14. Qxd8
Rfxd8 15. Rhe1 Nc6 16. a3 Kf7 17. e5 fxe5 18. Nxe5+ Nxe5 19. Rxe5 Kf6 20. Rde1
Bf7 21. Re7 Re8 22. Nd5+ Kg6 23. Nf4+ Kf6 24. Nd5+ Kg6 25. Nf4+ {Game drawn by
mutual agreement} 1/2-1/2

[Event "Team 45 45 League T61"]
[Site "Internet Chess Club"]
[Date "2014.06.08"]
[Round "2"]
[White "uzi"]
[Black "edwspin"]
[Result "1-0"]
[WhiteElo "1465"]
[BlackElo "1522"]
[Opening "Scotch gambit: Benima defense"]
[ECO "C50"]
[Time "10:00:38"]
[TimeControl "2700+45"]

1. e4 e5 2. Nf3 Nc6 3. Bc4 Be7 4. d4 exd4 5. c3 d6 6. cxd4 Bg4 7. Qb3 Na5 8.
Bxf7+ Kf8 9. Qa4 Kxf7 10. Qxa5 Bxf3 11. gxf3 c5 12. Qb5 Qc7 13. Qc4+ Kf8 14. Nc3
Qd7 15. dxc5 Rc8 16. Be3 dxc5 17. Nd5 b5 18. Qe2 c4 19. Rd1 Qh3 20. Bxa7 Kf7 21.
a3 Bc5 22. Bxc5 Rxc5 23. Nf4 Qc8 24. O-O Rg5+ 25. Kh1 Ne7 26. Qd2 Re8 27. Ng2
Rh5 28. Qf4+ Kg8 29. Qg4 Qc5 30. f4 Rh6 31. Ne3 Qc6 32. f3 Qf6 33. e5 Qc6 34. f5
Kh8 35. Qe4 Qc7 36. Ng4 Rh5 37. f6 gxf6 38. exf6 Rh4 39. fxe7 Rxe7 40. Qd4+ Rg7
41. Qd8+ Qxd8 42. Rxd8+ Rg8 43. Rxg8+ Kxg8 44. Kg2 h5 45. Nf6+ Kf7 46. Ne4 Rf4
47. Rd1 Ke7 48. Rd5 h4 49. Rxb5 h3+ 50. Kf2 Rf8 51. Ng5 Rd8 52. Nxh3 Rd2+ 53.
Kg3 Ke6 54. Nf4+ Kd6 55. h4 Rd1 56. Rb4 Kc5 57. h5 Rg1+ 58. Ng2 Rh1 59. Nh4 Rg1+
60. Kf4 Kd5 61. a4 Rg8 62. Nf5 Rh8 63. Ne3+ Kd4 64. Rxc4+ Kd3 65. Rc5 Rf8+ 66.
Rf5 Ra8 67. a5 Re8 68. Ng4 Kc2 69. b4 Kb3 70. b5 Kb4 71. a6 Ka5 72. h6 Re7 73.
Ne5 Rh7 74. Nf7 Kb6 75. Kg5 Ka7 76. Kg6 Rxh6+ 77. Nxh6 Kb6 78. Nf7 Kc7 79. Ne5
Kb6 80. Nc4+ Kc7 81. b6+ Kb8 82. Rf8# {Black checkmated} 1-0

[Event "Team 45 45 League T61"]
[Site "Internet Chess Club"]
[Date "2014.06.06"]
[Round "2"]
[White "ElMarginal"]
[Black "sdcohle"]
[Result "1-0"]
[WhiteElo "1477"]
[BlackElo "1407"]
[Opening "French: Rubinstein variation"]
[ECO "C10"]
[Time "21:00:31"]
[TimeControl "2700+45"]

1. e4 e6 2. d4 d5 3. Nc3 dxe4 4. Nxe4 Nd7 5. Nf3 Ngf6 6. Bg5 Be7 7. Bd3 O-O 8.
c3 Rb8 9. Qc2 h6 10. h4 b6 11. O-O-O Bb7 12. Nxf6+ Nxf6 13. Be3 Ng4 14. Bf4 Bd6
15. Be3 f5 16. Ne5 f4 17. Nxg4 fxe3 18. fxe3 Qe7 19. Qe2 Rbc8 20. Kb1 c5 21. e4
cxd4 22. cxd4 Bg3 23. h5 Bf4 24. Ne3 Bg5 25. Nc4 Rcd8 26. Ne5 Qc7 27. Bc4 Rde8
28. Bb5 Re7 29. Ng6 Rff7 30. Nxe7+ Rxe7 31. Rh3 Rf7 32. Bc4 Re7 33. Qg4 Qxc4 34.
Rc3 Qb5 35. Qg3 Bxe4+ 36. Ka1 Qd7 37. Qb8+ Re8 38. Qg3 Re7 39. Qf2 Rf7 40. Qe2
Qb7 41. Rg1 Bd5 42. Qc2 Re7 43. Rc8+ Kf7 44. Qg6# {Black checkmated} 1-0

[Event "Team 45 45 League T61"]
[Site "Internet Chess Club"]
[Date "2014.06.09"]
[Round "2"]
[White "Grenadier"]
[Black "Buford-Julep"]
[Result "0-1"]
[WhiteElo "1628"]
[BlackElo "1722"]
[Opening "French: advance, Euwe variation"]
[ECO "C02"]
[Time "20:00:19"]
[TimeControl "2700+45"]

1. e4 e6 2. d4 d5 3. e5 c5 4. c3 Nc6 5. Nf3 Bd7 6. dxc5 Bxc5 7. Bd3 Nge7 8. O-O
Ng6 9. Re1 Qc7 10. Qe2 f6 11. exf6 gxf6 12. Nbd2 Nf4 13. Qf1 Nxd3 14. Qxd3 O-O-O
15. Nb3 Bd6 16. Bd2 Rdg8 17. g3 h5 18. Nh4 Ne5 19. Rxe5 fxe5 20. Rc1 Qd8 21. c4
Qxh4 22. cxd5+ Bc7 23. dxe6 Bxe6 24. Qd6 Qd8 25. Qxe6+ Kb8 26. Bb4 h4 27. Be7
Re8 28. Nc5 Qxe7 29. Na6+ bxa6 30. Qb3+ Bb6 31. a4 Ka8 32. a5 Bd4 33. Qd5+ Qb7
34. Qd6 h3 35. Rc6 Rc8 {White resigns} 0-1

[Event "Team 45 45 League T61"]
[Site "Internet Chess Club"]
[Date "2014.06.08"]
[Round "2"]
[White "GoIrish"]
[Black "pauliewoll"]
[Result "1-0"]
[WhiteElo "1619"]
[BlackElo "1544"]
[Opening "Sicilian defense"]
[ECO "B20"]
[Time "15:20:02"]
[TimeControl "2700+45"]

1. e4 c5 2. d3 Nc6 3. Nf3 g6 4. g3 Bg7 5. Bg2 d6 6. O-O Nf6 7. c3 O-O 8. Re1 e5
9. Nbd2 b5 10. a4 b4 11. Nc4 bxc3 12. bxc3 Rb8 13. Bd2 Ba6 14. Qc2 Nxe4 15. Rxe4
d5 16. Nfxe5 Nxe5 17. Nxe5 dxe4 18. Nc6 exd3 19. Qd1 Qd7 20. Nxb8 Rxb8 21. a5
Rb2 22. Rb1 Qb5 23. Rxb2 Qxb2 24. Qe1 Qb5 25. c4 Qd7 26. Bd5 Bb7 27. Bxb7 Qxb7
28. Qe8+ Bf8 29. Bh6 Qe7 30. Qxf8+ Qxf8 31. Bxf8 Kxf8 32. Kf1 d2 33. Ke2 d1=Q+
34. Kxd1 Ke7 35. Kd2 Kd6 36. Ke3 Ke5 37. f4+ Kf5 38. h3 h5 39. a6 g5 40. fxg5
Kxg5 41. Ke4 f5+ 42. Kf3 h4 43. gxh4+ {Black resigns} 1-0

[Event "Team 45 45 League T61"]
[Site "Internet Chess Club"]
[Date "2014.06.08"]
[Round "2"]
[White "SirIvanhoe"]
[Black "zepled37"]
[Result "1/2-1/2"]
[WhiteElo "1653"]
[BlackElo "1603"]
[Opening "Sicilian: closed, 6.Be3"]
[ECO "B26"]
[Time "18:01:36"]
[TimeControl "2700+45"]

1. e4 c5 2. Nc3 Nc6 3. g3 g6 4. Bg2 Bg7 5. d3 d6 6. Be3 Rb8 7. Qd2 b5 8. Nge2
Nd4 9. h3 e6 10. O-O b4 11. Nd1 Ne7 12. Nc1 O-O 13. c3 bxc3 14. bxc3 Ndc6 15.
Bh6 d5 16. Bxg7 Kxg7 17. h4 dxe4 18. Bxe4 Ne5 19. Qe3 Nd7 20. d4 Nf5 21. Bxf5
exf5 22. dxc5 Re8 23. Qd4+ Qf6 24. c6 Qxd4 25. cxd4 Nf6 26. Ne3 Be6 27. Rd1 Nd5
28. Nb3 Rec8 29. Rdc1 Nxe3 30. fxe3 Bd5 31. c7 Rb7 32. Rc5 Bxb3 33. Rb1 Rbxc7
34. Rxc7 Rxc7 35. axb3 Kf6 36. Rb2 {Game drawn by mutual agreement} 1/2-1/2

[Event "Team 45 45 League T61"]
[Site "Internet Chess Club"]
[Date "2014.06.07"]
[Round "2"]
[White "meduzo"]
[Black "nidusin2"]
[Result "1-0"]
[WhiteElo "1589"]
[BlackElo "1646"]
[Opening "Sicilian: Najdorf, Byrne (English) attack"]
[ECO "B90"]
[Time "03:09:29"]
[TimeControl "2700+45"]

1. e4 c5 2. Nf3 d6 3. d4 cxd4 4. Nxd4 Nf6 5. Nc3 a6 6. Be3 b5 7. f3 Bb7 8. Qd2
e6 9. O-O-O Be7 10. g4 O-O 11. h4 Nc6 12. Nxc6 Bxc6 13. h5 b4 14. Ne2 Qa5 15.
Kb1 Rfc8 16. Nd4 Bd7 17. g5 Ne8 18. g6 Nf6 19. gxh7+ Nxh7 20. h6 g6 21. f4 e5
22. Nb3 Qc7 23. fxe5 dxe5 24. Qxd7 Qxc2+ 25. Ka1 Rd8 26. Rd2 Qxe4 27. Qxe7 Rxd2
28. Nxd2 Qxe3 29. Bc4 Rf8 30. Rf1 Qxh6 31. Bxf7+ Kh8 32. Qxe5+ Qg7 33. Qxg7+
Kxg7 34. Bc4 Rd8 35. Nb3 Rd6 36. Nc5 Ng5 37. Nxa6 Nf3 38. b3 Nd2 39. Rf7+ Kh6
40. Nxb4 Nxc4 41. bxc4 g5 42. Nd5 Kg6 43. Rf8 Kg7 44. Rf1 Kh6 45. Rf6+ Rxf6 46.
Nxf6 Kg6 47. Ne4 g4 48. c5 Kf5 49. c6 Ke6 50. Kb2 g3 51. Nxg3 Kd6 52. a4 Kxc6
53. Ne4 Kb6 54. Kb3 Ka5 55. Ka3 Kb6 56. Kb4 Ka6 57. Nc5+ Kb6 58. a5+ Ka7 59. Kb5
Ka8 60. a6 Ka7 61. Ka5 Ka8 62. Kb6 Kb8 63. Ne6 Ka8 64. Nc7+ {Black resigns} 1-0

[Event "Team 45 45 League T61"]
[Site "Internet Chess Club"]
[Date "2014.06.08"]
[Round "2"]
[White "fireball"]
[Black "pokerram"]
[Result "0-1"]
[WhiteElo "1717"]
[BlackElo "1650"]
[Opening "Sicilian: Smith-Morra gambit"]
[ECO "B21"]
[Time "17:03:53"]
[TimeControl "2700+45"]

1. e4 c5 2. d4 cxd4 3. c3 Nf6 4. e5 Nd5 5. Nf3 e6 6. cxd4 Bb4+ 7. Bd2 Bxd2+ 8.
Nbxd2 O-O 9. Bd3 Nc6 10. a3 d6 11. h4 dxe5 12. Bxh7+ Kxh7 13. Ng5+ Kg6 14. Qg4
f5 15. Qg3 Nxd4 16. Nxe6+ Kf7 17. Nxd8+ Rxd8 18. Rc1 Nf4 19. Qg5 Nd3+ 20. Kf1
Bd7 21. Rc7 Rac8 22. Rxc8 Rxc8 23. Kg1 Ne2+ 24. Kf1 Nd4 25. g3 Rc1+ 26. Kg2 Bc6+
27. f3 Rc2 28. Rd1 Bxf3+ 29. Kf1 Bxd1 30. h5 Be2+ 31. Kg2 Bf3+ 32. Kh3 Bg4+ 33.
Kh4 Rc1 34. Qg6+ Kf8 35. Qd6+ Kg8 36. Kg5 Rc6 37. Qd8+ Kh7 38. Qe8 Ne1 39. Qxe5
Ndf3+ 40. Nxf3 Nxf3+ {White resigns} 0-1

[Event "Team 45 45 League T61"]
[Site "Internet Chess Club"]
[Date "2014.06.08"]
[Round "2"]
[White "idjit"]
[Black "Insan996"]
[Result "1-0"]
[WhiteElo "1633"]
[BlackElo "1592"]
[Opening "Caro-Kann: Alekhine gambit"]
[ECO "B15"]
[Time "11:00:32"]
[TimeControl "2700+45"]

1. e4 c6 2. d4 d5 3. Nc3 dxe4 4. Nxe4 Nf6 5. Bd3 Qxd4 6. Nf3 Qd8 7. Neg5 h6 8.
Nxf7 Qa5+ 9. Bd2 Qh5 10. Nxh8 Bf5 11. Bxf5 Qxf5 12. O-O Qh7 13. Ne5 Qxh8 14. Ng6
Qh7 15. Nxf8 Kxf8 16. Bb4 Nbd7 17. Re1 c5 18. Bc3 Qf5 19. Bxf6 exf6 20. g4 Qg6
21. Qxd7 Qxc2 22. Re7 Qg6 23. Rae1 b6 24. h3 h5 25. Qd6 {Black resigns} 1-0

[Event "Team 45 45 League T61"]
[Site "Internet Chess Club"]
[Date "2014.06.08"]
[Round "2"]
[White "Ajolote"]
[Black "Megasus"]
[Result "1-0"]
[WhiteElo "1523"]
[BlackElo "1547"]
[Opening "Sicilian defense"]
[ECO "B30"]
[Time "19:06:53"]
[TimeControl "2700+45"]

1. e4 c5 2. Nf3 Nc6 3. Nc3 e6 4. Bc4 a6 5. a4 h6 6. O-O Qc7 7. Re1 Nf6 8. h3 Bd6
9. d3 g5 10. Qe2 Ne5 11. Nd1 b6 12. Bd2 Bb7 13. Bc3 Rg8 14. Bxe5 Bxe5 15. Nxe5
Qxe5 16. Ne3 h5 17. g3 O-O-O 18. c3 g4 19. h4 d5 20. exd5 exd5 21. Ba2 Rge8 22.
Qd2 Qc7 23. d4 Ne4 24. Qc2 c4 25. Rac1 b5 26. axb5 axb5 27. b3 Re6 28. bxc4 bxc4
29. Rb1 Rb6 30. Rxb6 Qxb6 31. Rb1 Qc6 32. Rc1 Rd6 33. Nf5 Re6 34. Rf1 Qc7 35.
Ne3 Rf6 36. Ng2 Rf3 37. Bb1 Qa5 38. Qb2 Nxc3 39. Bc2 Ne2+ 40. Kh2 Qc7 41. Bd1
Rxg3 42. Qxe2 Re3+ 43. Kg1 Rxe2 44. Bxe2 f5 45. Bd1 Qf4 46. Nxf4 {Black resigns}
1-0

[Event "Team 45 45 League T61"]
[Site "Internet Chess Club"]
[Date "2014.06.07"]
[Round "2"]
[White "frank001"]
[Black "portis2"]
[Result "1-0"]
[WhiteElo "1755"]
[BlackElo "1668"]
[Opening "Nimzo-Indian: Reshevsky variation"]
[ECO "E46"]
[Time "15:00:34"]
[TimeControl "2700+45"]

1. d4 Nf6 2. c4 e6 3. Nc3 Bb4 4. e3 O-O 5. Ne2 b6 6. a3 Be7 7. e4 Bb7 8. Ng3 d5
9. e5 Ne4 10. Ngxe4 dxe4 11. Be3 Bg5 12. Qg4 Bxe3 13. fxe3 Nd7 14. Nxe4 Bxe4 15.
Qxe4 c5 16. O-O-O Qc7 17. Bd3 g6 18. Kb1 Rae8 19. g4 Nb8 20. h4 Qc6 21. Qf4 cxd4
22. exd4 Rd8 23. h5 Qe8 24. Qh6 f5 25. exf6 Rxf6 26. hxg6 Qe7 27. g5 Rf5 28.
gxh7+ Kh8 29. Bxf5 exf5 30. d5 Rd6 31. g6 Qf6 32. g7+ Qxg7 33. Qxg7+ {Black
resigns} 1-0

[Event "Team 45 45 League T61"]
[Site "Internet Chess Club"]
[Date "2014.06.08"]
[Round "2"]
[White "Schachteufel"]
[Black "SALJOMA"]
[Result "1-0"]
[WhiteElo "1643"]
[BlackElo "1459"]
[Opening "Ruy Lopez: Caro variation"]
[ECO "C70"]
[Time "16:00:23"]
[TimeControl "2700+45"]

1. e4 e5 2. Nf3 Nc6 3. Bb5 a6 4. Ba4 b5 5. Bb3 d6 6. h3 Be7 7. c3 Nf6 8. O-O O-O
9. d4 Nxe4 10. Bd5 Nxf2 11. Rxf2 Bb7 12. Be3 Na5 13. Bxb7 Nxb7 14. dxe5 dxe5 15.
Qxd8 Raxd8 16. Nxe5 Rd1+ 17. Rf1 Rd6 18. Nd2 Re6 19. Bf4 Bd6 20. Ndf3 f6 21. Nd3
Bxf4 22. Nxf4 Re4 23. Nd5 c5 24. Rfe1 Rxe1+ 25. Rxe1 Nd6 26. Re7 Ra8 27. Rc7 c4
28. Nd4 a5 29. Rd7 Ra6 30. Nc7 Ra7 31. Rxd6 Rxc7 32. Nxb5 Rb7 33. a4 Kf7 34. Rc6
Ke7 35. Rxc4 Kf7 36. Nd6+ Ke7 37. Nxb7 Kd7 38. Nc5+ Ke7 39. Nb7 Kd7 40. Nxa5 Kd8
41. Nc6+ Kd7 {Black resigns} 1-0

[Event "Team 45 45 League T61"]
[Site "Internet Chess Club"]
[Date "2014.06.07"]
[Round "2"]
[White "Andressa"]
[Black "isolani"]
[Result "1/2-1/2"]
[WhiteElo "1463"]
[BlackElo "1560"]
[Opening "Pirc: Ufimtsev-Pytel variation"]
[ECO "B07"]
[Time "18:07:29"]
[TimeControl "2700+45"]

1. e4 d6 2. d4 Nf6 3. Nc3 c6 4. Nf3 Bg4 5. Be2 Bxf3 6. Bxf3 e5 7. dxe5 dxe5 8.
Qxd8+ Kxd8 9. O-O Nbd7 10. Rd1 Bc5 11. Bg5 Kc7 12. a3 Rad8 13. Ne2 h5 14. b4 Be7
15. Ng3 g6 16. c4 Nf8 17. Rxd8 Bxd8 18. Be3 Ne6 19. Rd1 Be7 20. c5 Rd8 21. Rxd8
Bxd8 22. Ne2 g5 23. g3 g4 24. Bg2 Be7 25. f3 a5 26. f4 axb4 27. axb4 b6 28.
cxb6+ Kb7 29. fxe5 Nd7 30. Nf4 Bxb4 31. Nxh5 Nxe5 32. Nf6 Bc5 33. Bxc5 Nxc5 34.
h3 Kxb6 35. Nxg4 Nxg4 36. hxg4 Ne6 {Game drawn by mutual agreement} 1/2-1/2

[Event "Team 45 45 League T61"]
[Site "Internet Chess Club"]
[Date "2014.06.08"]
[Round "2"]
[White "krysto"]
[Black "JOFRAN"]
[Result "0-1"]
[WhiteElo "1553"]
[BlackElo "1333"]
[Opening "Dutch"]
[ECO "A80"]
[Time "19:17:58"]
[TimeControl "2700+45"]

1. d4 f5 2. Nc3 Nf6 3. Bg5 e6 4. e4 fxe4 5. Nxe4 Be7 6. Bd3 Nxe4 7. Bxe7 Qxe7 8.
Bxe4 O-O 9. Qh5 h6 10. Qg6 Rf6 11. Qh7+ Kf7 12. Nf3 Ke8 13. O-O-O d6 14. Rhe1
Kd7 15. Ne5+ Kd8 16. Bg6 Nd7 17. Qg8+ Qf8 18. Nf7+ Ke7 19. Qh7 Rxf2 20. Nxh6
Qf4+ 21. Kb1 Qxh6 22. Qxh6 gxh6 23. Be4 Nf6 24. Bf3 c6 25. Re3 Bd7 26. Rde1 Rg8
27. c4 Ng4 28. Re4 Nxh2 29. Rh1 Nxf3 30. gxf3 Rgg2 31. Reh4 Rxb2+ {White
resigns} 0-1

[Event "Team 45 45 League T61"]
[Site "Internet Chess Club"]
[Date "2014.06.11"]
[Round "2"]
[White "junard"]
[Black "CuatroPrincesas"]
[Result "0-1"]
[WhiteElo "2017"]
[BlackElo "2213"]
[Opening "Trompowsky attack (Ruth, Opocenský opening)"]
[ECO "A45"]
[Time "09:08:28"]
[TimeControl "2700+45"]

1. d4 Nf6 2. Bg5 Ne4 3. Bf4 c5 4. f3 Qa5+ 5. c3 Nf6 6. d5 Qb6 7. Bc1 e6 8. e4 d6
9. c4 exd5 10. cxd5 g6 11. Nc3 Bg7 12. Bb5+ Bd7 13. Qa4 a6 14. Bxd7+ Nbxd7 15.
Nge2 O-O 16. Be3 Qc7 17. Qc2 b5 18. O-O Rfe8 19. Bf2 Rac8 20. Rac1 Nb6 21. Nb1
Qe7 22. Ng3 h5 23. Rfe1 Nfd7 24. Rcd1 Qf6 25. b3 h4 26. Ne2 h3 27. f4 hxg2 28.
Kxg2 Qe7 29. Ng3 c4 30. b4 Na4 31. Rd4 Qh4 32. Ne2 Qg4+ 33. Bg3 Nf6 34. h3 Qd7
35. Bf2 Nh5 36. Nd2 f5 37. Nf3 Bxd4 38. Bxd4 Rxe4 39. Ng3 Nxf4+ 40. Kh2 Rxe1 41.
Nxe1 Re8 42. Nf3 Qe7 43. Qd2 Qe2+ 44. Nxe2 Rxe2+ 45. Qxe2 Nxe2 46. Bf6 Kf7 47.
Bh8 Nac3 48. Kg2 Nxd5 49. a3 Nef4+ 50. Kg3 Ne6 51. Bb2 c3 52. Bc1 Nb6 53. Kf2
Kf6 54. h4 f4 55. Ke2 Kf5 56. Kd3 Nd5 57. Nh2 g5 58. hxg5 Kxg5 59. Ke4 Nf6+ 60.
Kd3 Kh4 61. Bxf4 Nxf4+ 62. Kxc3 Kg3 63. Nf1+ Kf2 64. Nd2 Ke3 65. Nf1+ Ke4 66.
Nd2+ Kd5 67. Nf3 Ne4+ 68. Kb3 Ne6 69. Ne1 Kd4 70. Nf3+ Ke3 {White resigns} 0-1

[Event "Team 45 45 League T61"]
[Site "Internet Chess Club"]
[Date "2014.06.07"]
[Round "2"]
[White "Pomberito"]
[Black "cyborg86"]
[Result "0-1"]
[WhiteElo "2114"]
[BlackElo "2047"]
[Opening "French: Winawer, fingerslip variation"]
[ECO "C15"]
[Time "12:01:53"]
[TimeControl "2700+45"]

1. e4 e6 2. d4 d5 3. Nc3 Bb4 4. Bd2 dxe4 5. Qg4 Nf6 6. Qxg7 Rg8 7. Qh6 Qxd4 8.
O-O-O Rg6 9. Qh4 Rg4 10. Qh3 Qxf2 11. Be2 Rh4 12. Qxh4 Qxh4 13. g3 Bxc3 14. gxh4
Bxd2+ 15. Kxd2 Bd7 16. Nh3 Bc6 17. Rhg1 Nbd7 18. Rdf1 Rd8 19. Kc1 Ke7 20. Rg7
Ne5 21. h5 e3 22. h6 Rd2 23. Nf4 Be4 24. Bd3 Bf3 25. h3 Nxd3+ 26. cxd3 e2 27.
Nxe2 Bxe2 28. Re1 Rxd3 29. Rxe2 Rxh3 30. Rg5 Rxh6 31. Kd2 Rh4 32. Rb5 b6 33.
Rbe5 Rd4+ 34. Ke1 Rd5 35. Rxd5 Nxd5 36. Rh2 Nf6 37. b4 e5 38. b5 Ke6 39. Rc2 Nd5
40. Rh2 f5 41. Rxh7 e4 42. a4 Ke5 43. Rh8 Kd4 44. Ra8 f4 45. Rxa7 e3 46. Ra8 f3
47. Rd8 f2+ 48. Ke2 Kc4 49. Rf8 Kc3 50. Rf3 Kd4 51. Kf1 Ke4 52. Rh3 Nf4 53. Rg3
Kd3 54. Rg7 Nd5 55. Rd7 Ke4 {White resigns} 0-1

[Event "Team 45 45 League T61"]
[Site "Internet Chess Club"]
[Date "2014.06.08"]
[Round "2"]
[White "LazyPeon"]
[Black "Goli"]
[Result "1-0"]
[WhiteElo "1848"]
[BlackElo "1800"]
[Opening "Benkö gambit accepted"]
[ECO "A58"]
[Time "16:12:22"]
[TimeControl "2700+45"]

1. d4 Nf6 2. c4 c5 3. d5 b5 4. cxb5 a6 5. bxa6 Bxa6 6. Nc3 d6 7. g3 g6 8. Bg2
Bg7 9. Nf3 O-O 10. Rb1 Nbd7 11. O-O Qa5 12. Bd2 Rfb8 13. Qc2 Qd8 14. Rfd1 Nb6
15. e4 Nc4 16. Bc1 Nd7 17. b3 Nce5 18. Nxe5 Nxe5 19. f4 Bd3 20. Rxd3 Nxd3 21.
Qxd3 Bxc3 22. Qxc3 Rxa2 23. Bb2 f6 24. e5 Qa5 25. Qxa5 Rxa5 26. exf6 exf6 27.
Bxf6 Kf7 28. Bh4 Rab5 29. Re1 R8b7 30. Re6 Rxb3 31. Rxd6 Rc7 32. Rf6+ Kg7 33. d6
Ra7 34. Bd5 Rb2 35. Rf7+ Rxf7 36. Bxf7 Rd2 37. Bb3 Rxd6 38. Be7 Rc6 39. Bc4 h6
40. Kf2 Kh7 41. Ke3 Rb6 42. Bxc5 Rb2 43. Be2 Rb3+ 44. Bd3 Rb2 45. h4 Rb3 46. h5
{Black resigns} 1-0

[Event "Team 45 45 League T61"]
[Site "Internet Chess Club"]
[Date "2014.06.09"]
[Round "2"]
[White "patito09"]
[Black "Nathan-L"]
[Result "1/2-1/2"]
[WhiteElo "1845"]
[BlackElo "1883"]
[Opening "Queen's pawn game"]
[ECO "A46"]
[Time "18:00:16"]
[TimeControl "2700+45"]

1. d4 Nf6 2. Nf3 e6 3. g3 d5 4. Bg2 Bd6 5. O-O O-O 6. c4 c6 7. b3 Nbd7 8. Ba3
Bxa3 9. Nxa3 Re8 10. Ne5 Nxe5 11. dxe5 Ng4 12. Qd4 f5 13. exf6 Nxf6 14. f4 dxc4
15. Qxd8 Rxd8 16. Nxc4 Bd7 17. Rad1 Be8 18. Nd6 Rd7 19. Bh3 Bf7 20. e4 Rad8 21.
e5 Ne4 22. Nxf7 Kxf7 23. Rxd7+ Rxd7 24. f5 Kg8 25. f6 Ng5 26. Bg4 gxf6 27. Rxf6
Re7 28. h4 Ne4 29. Rxe6 Rxe6 30. Bxe6+ Kg7 31. Kh2 b6 32. Bf5 Nc3 33. a4 Ne2 34.
Be4 Nd4 35. g4 Nxb3 36. Bxc6 Nd4 37. Be4 a6 38. g5 b5 39. axb5 axb5 40. h5 h6
41. g6 b4 42. Kg3 b3 43. Kf2 b2 44. Ke3 Nc6 45. Kf4 Nd4 46. Bb1 Ne2+ 47. Kf5
Ng3+ 48. Kg4 Ne2 49. e6 Kf6 50. Ba2 {Game drawn by mutual agreement} 1/2-1/2

[Event "Team 45 45 League T61"]
[Site "Internet Chess Club"]
[Date "2014.06.06"]
[Round "2"]
[White "willhelm"]
[Black "jjimalo"]
[Result "0-1"]
[WhiteElo "1902"]
[BlackElo "1928"]
[Opening "Queen's pawn game"]
[ECO "A46"]
[Time "10:31:11"]
[TimeControl "2700+45"]

1. d4 Nf6 2. Nf3 e6 3. Bf4 d5 4. e3 Bd6 5. Bg3 O-O 6. Bd3 Re8 7. Nbd2 Nbd7 8.
O-O Bxg3 9. hxg3 e5 10. dxe5 Nxe5 11. Nxe5 Rxe5 12. Nf3 Bg4 13. Be2 Re8 14. c3
c5 15. Re1 Qe7 16. Kf1 Rad8 17. Bb5 Rf8 18. a4 Ne4 19. Be2 Qf6 20. Kg1 Rd6 21.
Rf1 Rfd8 22. Qc2 h5 23. Rad1 g5 24. Nh2 Bxe2 25. Qxe2 g4 26. Rfe1 Qf5 27. Nf1
Rf6 28. f3 gxf3 29. gxf3 Ng5 30. f4 Ne4 31. Kg2 Rg6 32. Kh2 h4 33. g4 Rxg4 34.
Nd2 Rg3 35. Qf1 Nf2 36. Ra1 Rh3+ 37. Kg2 Qg4+ 38. Kxf2 Rh2+ 39. Qg2 Qxg2# {White
checkmated} 0-1

[Event "Team 45 45 League T61"]
[Site "Internet Chess Club"]
[Date "2014.06.07"]
[Round "2"]
[White "laurenpar"]
[Black "Baspofsky"]
[Result "1/2-1/2"]
[WhiteElo "1946"]
[BlackElo "1937"]
[Opening "English opening: Agincourt variation"]
[ECO "A13"]
[Time "21:11:24"]
[TimeControl "2700+45"]

1. Nf3 d5 2. c4 e6 3. b3 Nf6 4. g3 c5 5. Bg2 Nc6 6. e3 d4 7. exd4 cxd4 8. Qe2
Be7 9. O-O O-O 10. d3 Nd7 11. Na3 e5 12. Nc2 f5 13. Bd2 a5 14. a3 Nc5 15. b4 e4
16. bxc5 exf3 17. Bxf3 Bxc5 18. Rfe1 Bd7 19. Rab1 b6 20. Bd5+ Kh8 21. Qf3 Qf6
22. h4 h6 23. Bf4 Rae8 24. Kg2 Rxe1 25. Rxe1 Re8 26. Rxe8+ Bxe8 27. Qe2 Bd7 28.
Bc7 Qe7 29. Qxe7 Nxe7 30. Be5 Bc6 31. Bxc6 Nxc6 32. Bf4 a4 33. Kf3 Kg8 34. Bd2
Kf7 35. Bc1 Kf6 36. Bb2 Ke5 37. g4 g6 38. Bc1 h5 39. g5 Ke6 40. Ne1 Na7 41. Ng2
b5 42. Nf4+ Kf7 43. Nd5 bxc4 44. dxc4 Nc6 45. Kf4 Bd6+ 46. Kf3 Ne5+ 47. Ke2 Nxc4
48. Kd3 Nxa3 49. Nb6 Nb5 50. Nxa4 Be5 51. Nc5 Nc3 52. Nb3 Ke6 53. Kc4 Ne2 54.
Bb2 Nf4 55. Bxd4 Bxd4 56. Nxd4+ Kd6 57. Kc3 Kd5 58. Nf3 Ng2 59. Kd3 f4 60. Kd2
Ke4 61. Ke2 Kf5 62. Kf1 Nxh4 63. Nxh4+ Kxg5 64. Nf3+ Kg4 65. Kg2 Kf5 66. Nh4+
Kf6 67. f3 g5 68. Kh3 gxh4 69. Kxh4 Kg6 70. Kh3 Kg5 71. Kg2 Kf5 72. Kh3 Kg5 73.
Kg2 Kh4 74. Kh2 Kg5 {Game drawn by mutual agreement} 1/2-1/2

[Event "Team 45 45 League T61"]
[Site "Internet Chess Club"]
[Date "2014.06.07"]
[Round "2"]
[White "Atwode"]
[Black "arhrid"]
[Result "1-0"]
[WhiteElo "1852"]
[BlackElo "1819"]
[Opening "Robatsch defense: two knights variation"]
[ECO "A04"]
[Time "10:12:27"]
[TimeControl "2700+45"]

1. Nf3 g6 2. e4 Bg7 3. d4 d6 4. Nc3 e6 5. Be3 Ne7 6. Qd2 Nd7 7. Bh6 O-O 8. h4 e5
9. Bxg7 Kxg7 10. h5 Ng8 11. hxg6 fxg6 12. Bc4 Ndf6 13. dxe5 dxe5 14. Qxd8 Rxd8
15. Nxe5 Re8 16. f4 Ne7 17. O-O-O a6 18. Be2 b5 19. Bf3 Be6 20. Nd3 Rf8 21. Nc5
Bf7 22. e5 Nfg8 23. Bxa8 Rxa8 24. Rd7 b4 25. N3e4 Bd5 26. Rd1 c6 27. g4 Kf8 28.
Nf6 Kf7 29. Nxd5 cxd5 30. R1xd5 Nh6 31. g5 Nf5 32. Rd3 a5 33. Rd8 Ra7 34. Ne4
Ke6 35. Rh8 Nd5 36. Nc5+ {Black resigns} 1-0

[Event "Team 45 45 League T61"]
[Site "Internet Chess Club"]
[Date "2014.06.12"]
[Round "2"]
[White "Epcot"]
[Black "santiagoelawad"]
[Result "1-0"]
[WhiteElo "2080"]
[BlackElo "1944"]
[Opening "QGD Slav: 4.e3 Bf5"]
[ECO "D12"]
[Time "09:00:40"]
[TimeControl "2700+45"]

1. d4 d5 2. c4 c6 3. Nf3 Nf6 4. e3 Bf5 5. Nc3 e6 6. Nh4 Be4 7. f3 Bg6 8. Qb3 Qb6
9. Nxg6 hxg6 10. Bd2 Nbd7 11. g3 Bd6 12. Kf2 Qc7 13. Kg2 Nh5 14. Be1 O-O-O 15.
cxd5 exd5 16. Rc1 Nb6 17. Nb5 Qb8 18. Nxd6+ Qxd6 19. a4 Kb8 20. a5 Nc8 21. g4
Qd7 22. gxh5 Rxh5 23. Bg3+ Ka8 24. a6 b6 25. Qc3 Ne7 26. Kf2 Rc8 27. Bd3 {Black
resigns} 1-0